 Dungeon Crawl Stone Soup version 0.31.0-32-g396128a36d (webtiles) character file.

Game seed: 5969920632298013462

3801 spaghetti the Fighter (level 10, -1/150 (153) HPs)
             Began as a Naga Chaos Knight on Mar 15, 2024.
             Was a Plaything of Xom.
             Slain by Joseph
             ... wielding a +3 quarterstaff of chaos
              (2 damage)
             ... on level 8 of the Dungeon.
             The game lasted 00:09:51 (9685 turns).

spaghetti the Fighter (Naga Chaos Knight)           Turns: 9685, Time: 00:09:51

HP:   -1/150 (153)  AC: 25    Str: 17 (18) XL:     10   Next: 17%
MP:   10/10         EV: -2    Int: 12      God:    Xom [......]
Gold: 376           SH:  0    Dex: 10      Spells: 5/9 levels left

rFire   . . .        h - +1 whip (venom)
rCold   . . .        (no shield)
rNeg    . . .        b - melded +3 leather armour
rPois   +            (helmet currently unavailable)
rElec   .            l - melded +0 cloak
rCorr   .            (gloves currently unavailable)
SInv    +            (no barding)
Will    +....        (no amulet)
Stlth   +            (no ring)
HPRegen 0.45/turn    (no ring)
MPRegen 0.12/turn

%: random rage (3%)
@: tree-form, weakened, grasped by roots, on berserk cooldown, slowed,
constricted, lightly drained, very slow
A: stationary, stasis, torment immunity, boosted hp, AC +3, large, see
invisible, (deformed body), (poison resistance), (slowness 2), spit poison 1,
(naga tail 1), (claws 1), (fangs 2), (large bone plates 1), berserk 1, clumsy 1,
(teleportitis 1)
a: Spit Poison, Renounce Religion


You were on level 8 of the Dungeon.
You worshipped Xom.
You were a very special plaything of Xom.
You were a tree.
You visited 1 branch of the dungeon, and saw 9 of its levels.

You collected 376 gold pieces.

Inventory:

Hand Weapons
 a - a +0 spear of chaos
 h - a +1 whip of venom (weapon)
 q - a +0 lajatang
Armour
 b - a +3 leather armour (melded)
 l - a +0 cloak (melded)
Jewellery
 k - a ring of protection from fire
 m - a ring of wizardry
Wands
 c - a wand of roots (10)
Scrolls
 d - 2 scrolls of teleportation
 e - 3 scrolls of poison
 g - 2 scrolls of amnesia
 i - a scroll of vulnerability
 o - a scroll of fog
 p - a scroll of enchant weapon
 r - a scroll of revelation
 s - a scroll of brand weapon {unknown}
 t - a scroll of identify
Potions
 j - a potion of enlightenment


   Skills:
 + Level 9.8 Fighting
 - Level 3.0 Polearms
 - Level 1.5 Armour
 - Level 0.7 Dodging
 + Level 7.7 Summonings
 + Level 7.6 Air Magic


You had 5 spell levels left.
You knew the following spells:

 Your Spells              Type           Power      Damage    Failure   Level
a - Summon Lightning Spi  Summ/Air       18%        N/A       14%         4

Your spell library contained the following spells:

 Spells                   Type           Power      Damage    Failure   Level
 Freeze                   Ice            0%         1d3       32%         1
 Kiss of Death            Conj/Necr      0%         2d5       32%         1
 Blink                    Tloc           0%         N/A       45%         2
 Lesser Beckoning         Tloc           0%         N/A       45%         2
 Momentum Strike          Conj/Tloc      0%         3d8       45%         2
 Scorch                   Fire           0%         2d5       45%         2
 Animate Armour           Summ/Erth      18%        N/A       56%         4
 Confusing Touch          Hex            0%         N/A       69%         3
 Frozen Ramparts          Ice            0%         1d1       69%         3
 Hailstorm                Conj/Ice       0%         3d5       69%         3
 Dispel Undead            Necr           0%         3d6       97%         4
 Flame Wave               Conj/Fire      0%         2d4       97%         4
 Lee's Rapid Deconstruct  Erth           0%         3d4*      100%        5
 Summon Cactus Giant      Summ           9%         N/A       91%         6


Dungeon Overview and Level Annotations

Branches:
Dungeon (9/15)             Temple (0/1) D:5             Orc (0/2) D:9
   Lair: D:8-11

Altars:
Ashenzari
Cheibriados
Nemelex Xobeh
Xom
The Shining One

Annotations:
D:5 1 runed translucent door, Crazy Yiuf
D:6 2 transporters
D:8 Joseph


Innate Abilities, Weirdness & Mutations

You are a tree.
Your roots penetrate the ground, keeping you stationary.
You cannot be teleported.
You are immune to unholy pain and torment.
Your maximum health is greatly increased.
Your equipment is partially melded.
((Your serpentine skin is tough. (AC +3)))
You have supernaturally acute eyesight. (SInv)
((Armour fits poorly on your strangely shaped body.))
((Your system is resistant to poisons. (rPois)))
((You cover ground very slowly.))
You can spit poison.
((You have a snake-like lower body.))
((You have sharp fingernails.))
((You have extremely sharp teeth.))
((You are partially covered in large bone plates. (SH +4)))
You sometimes lose your temper in combat.
You are clumsy. (Dex -2)
((You are occasionally teleported next to monsters.))


Message History

Joseph hits you with a +3 quarterstaff of chaos!
You feel drained. The grasping roots constrict you.
You hit Joseph but do no damage.
Joseph looks as sick as possible!
Joseph is heavily wounded.
Joseph hits you with a +3 quarterstaff of chaos!
* * * LOW HITPOINT WARNING * * *
Joseph freezes you.
* * * LOW HITPOINT WARNING * * *
The grasping roots constrict you.
You hit Joseph.
Joseph looks as sick as possible!
Joseph is heavily wounded.
Joseph barely misses you. The grasping roots constrict you.
* * * LOW HITPOINT WARNING * * *
Joseph hits you but does no damage. The grasping roots constrict you.
* * * LOW HITPOINT WARNING * * *
The grasping roots release their grip on you.
Okay, then.
Okay, then.
You turn into a tree.
Your +0 cloak melds into your body.
Your +3 leather armour melds into your body.
Your roots penetrate the ground.
Joseph hits you but does no damage.
You barely miss Joseph.
Joseph is severely wounded.
Joseph zaps a wand.
The roots erupt in riotous growth!
The grasping roots grab you!
Joseph is unaffected.
The grasping roots constrict you.
Joseph hits you with a +3 quarterstaff of chaos.
* * * LOW HITPOINT WARNING * * *
The grasping roots constrict you.
You hit Joseph but do no damage.
Joseph looks as sick as possible!
Joseph is almost dead.
Joseph hits you but does no damage. The grasping roots constrict you.
Joseph hits you but does no damage. The grasping roots constrict you.
* * * LOW HITPOINT WARNING * * *
You closely miss Joseph.
Joseph is almost dead.
Joseph hits you with a +3 quarterstaff of chaos!
* * * LOW HITPOINT WARNING * * *
Joseph burns you.
You die...

..# ##. #.# ##.. #.#
###...###.##
...#...... ..#...#.##
........## ..#.@...#
#.#.)♣<# ##.#.#.##
#..$)#.# #.# #
.......###.# #.# #
...#.## ##'## #.# # #
.. ##.(.## #.# # #.
##.....## ##.# # #
##.......## ##..# #
#.........####...#####


You could see Joseph (extremely poisoned).

Vanquished Creatures
  2 hornets (D:8)
  Menkaure (D:5)
  A black bear (D:6)
  3 ice beasts
  A sky beast (D:8)
  3 centaurs
  A phantom (D:5)
  A kobold brigand (D:7)
  5 bullfrogs
  A gnoll sergeant (D:7)
  6 scorpions
  A wight (D:9)
  5 killer bees (D:8)
  2 howler monkeys
  A jelly (D:4)
  5 hounds
  3 bombardier beetles
  4 orc priests
  3 iguanas
  2 sleepcaps
  2 gnoll boudas
  Terence (D:2)
  Natasha (D:2)
  3 orc wizards
  19 gnolls
  8 adders
  3 dart slugs
  15 orcs
  6 ball pythons
  5 endoplasms
  4 giant cockroaches
  5 goblins
  8 hobgoblins
  13 kobolds
  2 quokkas
  5 bats
  A frilled lizard (D:2)
  5 rats
157 creatures vanquished.

Vanquished Creatures (collateral kills)
  Eustachio (D:4)
  3 orc priests
  Natasha (D:2)
  2 gnolls (D:3)
  An adder (D:4)
  3 orcs
  An endoplasm (D:1)
  A goblin (D:1)
13 creatures vanquished.

Grand Total: 170 creatures vanquished

Notes
Turn   | Place    | Note
-------+----------+-------------------------------------------
     0 | D:1      | spaghetti the Naga Chaos Knight began the quest for the
                  | Orb.
     0 | D:1      | Reached XP level 1. HP: 21/21 MP: 1/1
    48 | D:1      | Reached XP level 2. HP: 28/28 MP: 2/2
   195 | D:1      | XOM: silly message
   255 | D:1      | XOM: silly message
   307 | D:1      | XOM: noise
   316 | D:1      | Reached skill level 4 in Fighting
   333 | D:1      | Reached XP level 3. HP: 36/36 MP: 3/3
   928 | D:2      | Noticed Natasha
   931 | D:2      | Killed Natasha
   932 | D:2      | Reached XP level 4. HP: 42/45 MP: 4/4
  1033 | D:2      | Noticed Terence
  1042 | D:2      | Killed Terence
  1043 | D:2      | Reached skill level 5 in Fighting
  1171 | D:2      | XOM is BORED!
  1356 | D:2      | Noticed Natasha
  1357 | D:2      | XOM: summons friendly ufetubus
  1361 | D:2      | Killed Natasha
  1362 | D:2      | Reached XP level 5. HP: 49/55 MP: 5/5
  1434 | D:2      | Learned a level 4 spell: Summon Lightning Spire
  1816 | D:3      | XOM: 3-stop teleportation journey
  1972 | D:3      | Reached skill level 1 in Summonings
  1972 | D:3      | Reached skill level 1 in Air Magic
  1987 | D:3      | Reached skill level 6 in Fighting
  2161 | D:3      | Identified the +5 sling of the Horn {flame, Fly Will+
                  | Str+4}
  2302 | D:3      | Reached XP level 6. HP: 33/62 MP: 6/6
  2458 | D:3      | XOM: scenery: create altars
  2606 | D:3      | Found a glowing golden altar of the Shining One.
  2606 | D:3      | Found a broken altar of Ashenzari.
  2629 | D:3      | XOM: summons friendly ufetubus
  2631 | D:3      | XOM: summons friendly ufetubus
  2782 | D:4      | XOM: noise
  2928 | D:4      | XOM: scenery: 3 doors open, 1 doors close
  3085 | D:4      | Reached XP level 7. HP: 68/70 MP: 7/7
  3235 | D:4      | XOM: enchant monster (good)
  3275 | D:4      | Noticed Eustachio
  3281 | D:4      | Gained mutation: Your flesh is heat resistant. (rF+)
                  | [potion of mutation]
  3293 | D:4      | Killed Eustachio
  3294 | D:4      | Reached skill level 7 in Fighting
  3351 | D:4      | XOM: give mutations
  3351 | D:4      | Gained mutation: You sometimes lose your temper in combat.
                  | [Xom's mischief]
  3351 | D:4      | Gained mutation: You are occasionally teleported next to
                  | monsters. [Xom's mischief]
  3351 | D:4      | Gained mutation: You passively map a small area around you.
                  | [Xom's mischief]
  3351 | D:4      | Lost mutation: Your flesh is heat resistant. (rF+) [Xom's
                  | mischief]
  3581 | D:4      | Reached XP level 8. HP: 78/80 MP: 8/8
  3708 | D:4      | XOM: give mutation
  3708 | D:4      | Gained mutation: You are robust. (+10% HP) [Xom's grace]
  3755 | D:4      | XOM: scenery: create altars
  3958 | D:4      | XOM: summons 2 hostile demons
  4174 | D:5      | Entered Level 5 of the Dungeon
  4199 | D:5      | XOM: give mutations
  4199 | D:5      | Lost mutation: You are robust. (+10% HP) [Xom's mischief]
  4199 | D:5      | Lost mutation: You passively map a small area around you.
                  | [Xom's mischief]
  4199 | D:5      | Gained mutation: You are partially covered in large bone
                  | plates. (SH +4) [Xom's mischief]
  4221 | D:5      | Found a staircase to the Ecumenical Temple.
  4299 | D:5      | XOM: silly message
  4445 | D:5      | XOM: noise
  4706 | D:5      | Found a sparkling altar of Nemelex Xobeh.
  4972 | D:5      | Noticed Menkaure
  4975 | D:5      | XOM: cast spell 'Dispersal'
  4980 | D:5      | XOM: noise
  4984 | D:5      | Killed Menkaure
  4985 | D:5      | Reached skill level 5 in Summonings
  4985 | D:5      | Reached skill level 5 in Air Magic
  5121 | D:5      | Found a runed translucent door.
  5121 | D:5      | Noticed Crazy Yiuf
  5193 | D:5      | XOM: divination: detect creatures
  5324 | D:6      | XOM: silly message
  5337 | D:6      | XOM: enchant monster (good)
  5351 | D:6      | Reached skill level 8 in Fighting
  5492 | D:6      | XOM: enchant monster (bad)
  5523 | D:6      | Reached XP level 9. HP: 34/88 MP: 9/9
  5800 | D:6      | XOM: torment (45/88 hp)
  5992 | D:6      | XOM: blink monster(s)
  6150 | D:6      | Found a transporter.
  6157 | D:6      | Noticed a kobold demonologist
  6177 | D:6      | Found a transporter.
  6210 | D:6      | XOM: give mutations
  6210 | D:6      | Gained mutation: You have very sharp teeth. [Xom's
                  | mischief]
  6210 | D:6      | Gained mutation: You are clumsy. (Dex -2) [Xom's mischief]
  6952 | D:7      | XOM: swap monsters
  7068 | D:7      | XOM: summons 3 hostile demons
  7096 | D:7      | XOM: summons 5 hostile demons
  7297 | D:7      | Found a snail-covered altar of Cheibriados.
  7518 | D:7      | XOM: 2-stop teleportation journey
  7661 | D:7      | Noticed a deep elf pyromancer
  7732 | D:7      | XOM: noise
  7750 | D:8      | Noticed a hornet
  7760 | D:8      | Killed a hornet
  7761 | D:8      | Reached skill level 9 in Fighting
  7852 | D:8      | XOM: scenery: summon butterflies
  8086 | D:8      | XOM: give mutations
  8086 | D:8      | Gained mutation: You have sharp fingernails. [Xom's grace]
  8086 | D:8      | Gained mutation: You have extremely sharp teeth. [Xom's
                  | grace]
  8096 | D:8      | Identified the +1 mace "Zatoecwosy" {freeze, rF+}
  8628 | D:8      | Noticed a hornet
  8630 | D:8      | Paralysed by a hornet for 1 turns
  8631 | D:8      | XOM: summons friendly white imp
  8633 | D:8      | Paralysed by a hornet for 3 turns
  8635 | D:8      | Killed a hornet
  8636 | D:8      | Reached XP level 10. HP: 63/99 MP: 10/10
  8821 | D:8      | XOM: summons 1 hostile shadow creature
  9227 | D:9      | Found a staircase to the Orcish Mines.
  9593 | D:8      | Noticed Joseph
  9668 | D:8      | XOM: chaos upgrade
  9672 | D:8      | XOM: stat loss: -1 Str (17/18)
  9685 | D:8      | HP: 1/150 [Joseph/+3 quarterstaff of chaos (12)]
  9685 | D:8      | Slain by Joseph

Illustrated notes

Levels and vault maps discovered:
D:1:      dpeg_arrival_leaves_temple_mockup, layout_basic, minmay_ruptured
D:2:      layout_basic, chequers_serial_rivers_micro_b, uniq_terence,
          uniq_natasha
D:3:      layout_basic, amethyst_overflow_temple_binary, minmay_crystal_water
D:4:      layout_loops_corners, uniq_eustachio
D:5:      layout_gridville, mainiacjoe_overflow_tiny_flanked,
          minmay_temple_entry_overgrown, kennysheep_doodads, grunt_ministairs_7,
          minmay_misc_feat_ornament, uniq_menkaure, uniq_crazy_yiuf_cottage
D:6:      gammafunk_wand_slinger, layout_loops_ring, serial_rivers,
          chequers_serial_rivers_room_a, chequers_serial_rivers_room_b,
          chequers_serial_rivers_small_3, chequers_serial_rivers_small_3
D:7:      kennysheep_windowed_halls, layout_basic, kennysheep_slug_shrine,
          regret_index_xom_of_box, st_stairs_11
D:8:      layout_loops_corners, palyth_stone_intersect, uniq_joseph
D:9:      layout_basic, lemuel_coloured_pillars_altar, david_orc_5

Skill      XL: |  1  2  3  4  5  6  7  8  9 |
---------------+----------------------------+-----
Fighting       | 4 5 6 7 8 9 |  9.8
Summonings     | 1 2 3 5 7 |  7.7
Air Magic      | 1 2 3 5 7 |  7.6
Polearms       | |  3.0
Armour         | |  1.5
Dodging        | |  0.7

Action                     |  1- 3 |  4- 6 |  7- 9 | 10-12 || total
---------------------------+-------+-------+-------+-------++-------
  Melee: Spear             |    66 |       |       |       ||    66
         Punch             |     2 |     1 |     8 |     1 ||    12
         Whip              |    10 |   133 |   444 |    90 ||   677
         Bite              |       |       |    29 |     9 ||    38
Ability: Spit Poison       |       |     2 |     5 |     1 ||     8
  Evoke: Wand              |       |       |     9 |       ||     9
    Use: Scroll            |     5 |     9 |     4 |     3 ||    21
         Potion            |       |       |     7 |     2 ||     9
   Stab: Petrified         |       |       |     2 |       ||     2
 Armour: Leather armour    |    31 |   117 |   495 |   115 ||   758
         Skin              |       |       |    51 |     5 ||    56
  Dodge: Dodged            |    30 |    59 |   287 |    57 ||   433
  Block: Other             |       |       |    76 |    22 ||    98
